 Dungeon Crawl Stone Soup version 0.24.0-13-gcf9b319 (webtiles) character file.

Game seed: 9815577585405070716, levelgen mode: deterministic

18452 Fang the Fighter (level 12, -10/80 HPs)
             Began as a Gargoyle Berserker on Dec 9, 2019.
             Was a High Priest of Trog.
             Killed from afar by a rime drake (25 damage)
             ... with a flash freeze
             ... on level 2 of the Lair of Beasts.
             The game lasted 00:12:42 (11255 turns).

Fang the Fighter (Gargoyle Berserker)              Turns: 11255, Time: 00:12:43

Health: -10/80     AC: 35    Str: 26    XL:     12   Next: 58%
Magic:  12/12      EV: 12    Int:  8    God:    Trog [*****.]
Gold:   817        SH:  0    Dex:  9    Spells: 11/11 levels left

rFire    . . .     SeeInvis +   o - +2 war axe (drain)
rCold    . . .     Gourm    .   (no shield)
rNeg     + . .     Faith    .   b - +0 chain mail
rPois    ∞         Spirit   .   M - +2 helmet
rElec    +         Reflect  .   h - +2 cloak
rCorr    .         Harm     .   N - +0 pair of gloves
MR       .....                  (no boots)
Stlth    ..........             (no amulet)
HPRegen  0.23/turn              x - +6 ring of protection
MPRegen  0.13/turn              k - ring of see invisible

@: berserk cooldown, slowed, very slow
A: negative energy resistance 1, electricity resistance, unbreathing,
petrification resistance, rot immunity, AC +8
a: Berserk, Trog's Hand, Brothers in Arms, Renounce Religion


You were on level 2 of the Lair of Beasts.
You worshipped Trog.
Trog was extremely pleased with you.
You were hungry.

You visited 3 branches of the dungeon, and saw 14 of its levels.
You also visited: Ossuary.

You collected 817 gold pieces.

Inventory:

Hand Weapons
 a - a +1 war axe
 o - a +2 war axe of draining (weapon)
Armour
 b - a +0 chain mail (worn)
 h - a +2 cloak (worn)
 M - a +2 helmet (worn)
 N - a +0 pair of gloves (worn)
Jewellery
 k - a ring of see invisible (right hand)
 x - a +6 ring of protection (left hand)
 I - a +1 ring of evasion
Wands
 l - a wand of random effects (35)
 r - a wand of digging (5)
 s - a wand of paralysis (16)
 B - a wand of iceblast (8)
 C - a wand of enslavement (18)
 K - a wand of acid (10)
 L - a wand of disintegration (9)
Scrolls
 d - 7 scrolls of remove curse
 m - 6 scrolls of identify
 n - 2 scrolls of fog
 q - 3 scrolls of teleportation
 v - a scroll of magic mapping
 z - a scroll of fear
 H - 2 scrolls of blinking
Potions
 e - 3 potions of heal wounds
 f - 2 potions of haste
 g - a potion of flight {unknown}
 i - 7 potions of agility
 j - 10 potions of curing
 p - 2 potions of invisibility
 E - 3 potions of mutation
 G - 3 potions of might
 O - a potion of ambrosia
Comestibles
 c - 28 rations


   Skills:
 + Level 11.6 Fighting
 + Level 9.8 Axes
 + Level 11.3 Armour
 + Level 8.9 Dodging


You had 11 spell levels left.
You didn't know any spells.
Your spell library was empty.

Dungeon Overview and Level Annotations

Branches:
Dungeon (11/15)            Temple (1/1) D:4            Lair (2/6) D:9
Ossuary (visited)
  Swamp: Lair:2-4    Shoals: Lair:2-4     Snake: Lair:2-4    Spider: Lair:2-4
    Orc: D:9-12

Altars:
Ashenzari
Cheibriados
Dithmenos
Elyvilon
Fedhas
Gozag
Hepliaklqana
Nemelex Xobeh
Okawaru
Qazlal
Sif Muna
Vehumet
Wu Jian
Yredelemnul
The Shining One
Jiyva

Shops:
D:4 (   D:5 [   D:11 (

Portals:
Trove: D:11 (give 12 potions of heal wounds)

Annotations:
D:5 2 runed translucent doors


Innate Abilities, Weirdness & Mutations

You are resistant to torment.
Your stone body is resilient. (AC +8)
You are immune to poison.
You resist negative energy. (rN+)
You are resistant to electric shocks. (rElec)
You can survive without breathing.
You are immune to petrification.
You are immune to rotting.


Message History

* * * LOW HITPOINT WARNING * * *
The six-headed hydra bites you but does no damage. x2
The rime drake misses you.
The steam dragon bites you but does no damage.
The steam dragon claws you but does no damage.
You hear an angry hiss. x2
The ice encasing you melts away.
You hear an angry hiss.
A rime drake comes into view. x2
The six-headed hydra bites you but does no damage. x2
The six-headed hydra barely misses you. The six-headed hydra bites you.
* * * LOW HITPOINT WARNING * * *
The six-headed hydra closely misses you.
The six-headed hydra bites you.
* * * LOW HITPOINT WARNING * * *
The rime drake is engulfed in a cloud of scalding steam.
The rime drake bites you but does no damage.
The rime drake breathes ice at you. The flash freeze hits you!!
You die...

.............# ##
.####P.... ..## ...≈
..P#####...P...... ...8
...P.............. .....
...............#.##.....
.............. ..D....k(
.............###DkD#P...
...............kDDk.....
......##.P.....D@k......
........................
#..........#####.#.##.#.
#P.........#.####.#.. .
.......................
....P..#.#PP..#..#P.PP#
........................
.#...##.#.#.............
.......................


You could see a six-headed hydra, 5 rime drakes and 5 steam dragons.

Vanquished Creatures
  2 hydras
  2 two-headed ogres (D:11)
  The ghost of Gorgoleon the Destroyer, a novice DrCj of Vehumet (D:7)
  An unseen horror (D:10)
  An ugly thing (D:11)
  2 gargoyles
  A rime drake (Lair:2)
  2 spiny frogs (Lair:1)
  3 trolls
  2 hornets
  4 hippogriffs
  2 slime creatures (Lair:1)
  Sigmund (D:4)
  2 wyverns
  A hungry ghost (D:9)
  16 yaks
  A steam dragon (Lair:2)
  Menkaure (D:7)
  3 wargs (D:9)
  5 soldier ants
  4 water moccasins
  2 porcupines (Lair:2)
  5 orc warriors
  A black bear (Lair:1)
  An eye of draining (D:11)
  3 ice beasts
  2 sky beasts (D:5)
  8 ogres
  3 phantoms
  A necrophage (D:11)
  A crocodile (D:11)
  2 centaurs
  3 big kobolds
  An elf zombie (Ossuary)
  3 bullfrogs
  A gnoll sergeant (D:10)
  A wyvern zombie (D:7)
  A wyvern skeleton (D:11)
  5 scorpions
  2 howler monkeys
  4 centaur zombies
  5 crimson imps
  2 human zombies (Ossuary)
  3 bullfrog zombies
  5 jellies
  3 quasits (D:7)
  3 centaur skeletons
  9 orc priests
  5 hounds
  2 bullfrog skeletons (D:11)
  4 iguanas
  9 worker ants
  4 orc wizards
  A big kobold zombie (Ossuary)
  A hound skeleton (D:4)
  2 mummies (Ossuary)
  Robin (D:3)
  3 gnolls (D:10)
  11 adders
  2 shadow imps (D:6)
  3 oozes
  4 adder zombies
  3 worms
  2 dart slugs
  5 leopard geckos
  26 orcs
  3 giant cockroaches
  15 goblins
  11 hobgoblins
  13 jackals
  6 quokkas
  11 bats
  8 frilled lizards
  7 hobgoblin zombies (Ossuary)
  A jackal zombie (Ossuary)
  27 kobolds
  10 kobold zombies (Ossuary)
  10 orc zombies (Ossuary)
  5 rats
  3 rat zombies (Ossuary)
355 creatures vanquished.

Vanquished Creatures (collateral kills)
  The ghost of wahemi82 the Cleaver, a novice MiFi (Lair:1)
  2 slime creatures (Lair:1)
  3 jellies (Lair:1)
6 creatures vanquished.

Vanquished Creatures (others)
  An ogre (D:8)
  A fungus (Lair:2)
  A plant (D:9)
3 creatures vanquished.

Grand Total: 364 creatures vanquished

Notes
Turn   | Place    | Note
-------+----------+-------------------------------------------
     0 | D:1      | Fang the Gargoyle Berserker began the quest for the Orb.
     0 | D:1      | Reached XP level 1. HP: 14/14 MP: 1/1
    43 | D:1      | Reached XP level 2. HP: 17/19 MP: 2/2
   315 | D:1      | Reached XP level 3. HP: 23/23 MP: 3/3
   458 | D:1      | Reached ** piety under Trog
   648 | D:2      | Found a basalt altar of Yredelemnul.
   895 | D:2      | Reached XP level 4. HP: 29/29 MP: 4/4
  1119 | D:2      | Found a hazy altar of Hepliaklqana.
  1277 | D:2      | Found a white marble altar of Elyvilon.
  1389 | D:3      | Reached XP level 5. HP: 17/33 MP: 5/5
  1794 | D:3      | Reached *** piety under Trog
  1846 | D:3      | Noticed Robin
  1872 | D:3      | Killed Robin
  2685 | D:4      | Found an opulent altar of Gozag.
  2685 | D:4      | Found a glowing golden altar of the Shining One.
  2685 | D:4      | Found an iron altar of Okawaru.
  2685 | D:4      | Found a shattered altar of Ashenzari.
  2685 | D:4      | Noticed Sigmund
  2710 | D:4      | Killed Sigmund
  2710 | D:4      | Reached XP level 6. HP: 34/40 MP: 6/6
  2929 | D:4      | Reached skill level 5 in Fighting
  3126 | D:4      | Found Seomevew's Antique Weapon Shoppe.
  3288 | D:4      | Found a staircase to the Ecumenical Temple.
  3301 | D:4      | Reached XP level 7. HP: 35/44 MP: 7/7
  3312 | Temple   | Entered the Ecumenical Temple
  3574 | D:5      | Entered Level 5 of the Dungeon
  3574 | D:5      | Noticed a soldier ant
  3575 | D:5      | Found a runed translucent gate.
  3579 | D:5      | Found a runed translucent door.
  3579 | D:5      | Noticed a soldier ant
  3579 | D:5      | Noticed a soldier ant
  3584 | D:5      | Found a runed translucent gate.
  3584 | D:5      | Noticed a soldier ant
  3626 | D:5      | Found the +9 staff of Olgreb {rPois}
  3655 | D:5      | Found a runed translucent door.
  3656 | D:5      | Noticed a soldier ant
  3657 | D:5      | Found a runed translucent gate.
  3730 | D:5      | Reached skill level 5 in Armour
  4037 | D:5      | Reached XP level 8. HP: 51/51 MP: 8/8
  4185 | D:5      | Reached skill level 5 in Axes
  4235 | D:5      | Received a gift from Trog
  4352 | D:5      | Found Esmaytud's Antique Armour Shoppe.
  4721 | D:5      | Reached XP level 9. HP: 30/57 MP: 9/9
  4721 | D:5      | Reached skill level 5 in Dodging
  5059 | D:6      | Found an ornate altar of the Wu Jian Council.
  5358 | D:6      | Reached **** piety under Trog
  5583 | D:7      | Found a transporter.
  5602 | D:7      | Noticed Gorgoleon's ghost (novice DrCj)
  5611 | D:7      | Found a transporter.
  5690 | D:7      | Noticed Menkaure
  5700 | D:7      | Killed Menkaure
  5944 | D:7      | Noticed a hornet
  5963 | D:7      | Killed a hornet
  6275 | D:7      | Killed Gorgoleon's ghost
  6275 | D:7      | Reached XP level 10. HP: 51/65 MP: 10/10
  6423 | D:8      | Found a snail-covered altar of Cheibriados.
  6439 | D:8      | Found a sand-covered staircase.
  6451 | Ossuary  | Entered an ossuary
  6693 | Ossuary  | Reached ***** piety under Trog
  6771 | D:8      | Found a radiant altar of Vehumet.
  6800 | D:8      | Noticed a gargoyle
  6812 | D:8      | Killed a gargoyle
  6949 | D:8      | Found a shadowy altar of Dithmenos.
  6987 | D:8      | You fall into a shaft and drop 3 floors!
  7013 | D:11     | Received a gift from Trog
  7128 | D:11     | Noticed a brown ugly thing
  7144 | D:11     | Killed a brown ugly thing
  7216 | D:11     | Found Mouqurch's Antique Weapon Shoppe.
  7344 | D:11     | Noticed a two-headed ogre
  7355 | D:11     | Killed a two-headed ogre
  7355 | D:11     | Reached XP level 11. HP: 72/72 MP: 11/11
  7488 | D:11     | Noticed a two-headed ogre
  7499 | D:11     | Killed a two-headed ogre
  7499 | D:11     | Reached skill level 10 in Fighting
  7886 | D:11     | Found a portal to a secret trove of treasure.
  8175 | D:10     | Entered Level 10 of the Dungeon
  8358 | D:10     | Reached skill level 10 in Armour
  8534 | D:10     | Received a gift from Trog
  8539 | D:10     | Got a crude executioner's axe {god gift}
  8540 | D:10     | Identified the +1 executioner's axe of Compassion {flame,
                  | rPois Int+5 Dex+4 Stlth-} (Trog gifted it to you on level
                  | 10 of the Dungeon)
  8666 | D:10     | Noticed an unseen horror
  8681 | D:10     | Killed an unseen horror
  9459 | D:9      | Found a stormy altar of Qazlal.
  9564 | D:9      | Found a staircase to the Lair.
  9573 | D:9      | Reached XP level 12. HP: 58/79 MP: 12/12
 10016 | D:8      | Found a sparkling altar of Nemelex Xobeh.
 10098 | D:8      | Found a shimmering blue altar of Sif Muna.
 10267 | Lair:1   | Entered Level 1 of the Lair of Beasts
 10421 | Lair:1   | Found a runed translucent gate.
 10446 | Lair:1   | Found a runed translucent gate.
 10449 | Lair:1   | Found a runed translucent gate.
 10450 | Lair:1   | Noticed wahemi82's ghost (novice MiFi)
 10453 | Lair:1   | Found a viscous altar of Jiyva.
 10581 | Lair:1   | Noticed a five-headed hydra
 10589 | Lair:1   | Killed a nine-headed hydra
 11094 | Lair:1   | Killed wahemi82's ghost
 11234 | Lair:2   | Noticed a four-headed hydra
 11242 | Lair:2   | Killed an eight-headed hydra
 11246 | Lair:2   | Noticed a six-headed hydra
 11255 | Lair:2   | Killed from afar by a rime drake

Levels and vault maps discovered:
D:1:      denvon_arrival_planthouse, layout_basic, serial_glass,
          glass_columns_b, glass_columns_a, glass_columns_a, glass_columns_a,
          glass_columns_a, glass_columns_a
D:2:      layout_rooms, old_standard_altar, yredelemnul_altar_generic,
          first_ration, elyvilon_altar_3
D:3:      layout_loops_ring, uniq_robin
D:4:      layout_basic, grunt_temple_overflow_open,
          minmay_temple_entry_stoned_glass, serial_shops, shop, uniq_sigmund
D:5:      layout_loops_ring, serial_shops, kennysheep_little_box,
          hangedman_decor_riveting, minmay_guarded_unrand_staff_of_olgreb
D:6:      layout_rooms, nicolae_overflow_crystal_walls
D:7:      layout_loops_cross, gammafunk_ghost_stat_death, grunt_ogre_cave,
          uniq_menkaure
D:8:      layout_rooms, lemuel_crystal_altar, fiery_altar_vehumet,
          kennysheep_mini_moat, nicolae_dithmenos_through_a_glass_darkly,
          enter_ossuary_1, led_sif_book
D:9:      minmay_opposing_rooms, layout_loops_corners, grunt_qazlal_sundering,
          erik_lair_orcish_takeover
D:10:     layout_irregular_city
D:11:     layout_loops_ring, serial_shops, shop, nicolae_trove_entry_columns
Temple:   compressed_dpeg_triangle_lava_temple
Lair:1:   layout_gridlike, gammafunk_ghost_ooze, serial_bayou_shore_b,
          grunt_megastairs_2
Lair:2:   dpeg_oklob_gauntlet, layout_long_grid, bobbens_dragon_lair_wall

Skill      XL: |  1  2  3  4  5  6  7  8  9 10 11 12 |
---------------+-------------------------------------+-----
Axes           | 3 4 5 7 8 9 |  9.8
Dodging        | 2 3 4 6 7 8 |  8.9
Armour         | 3 4 5 6 8 9 10 11 | 11.3
Fighting       | 4 5 7 8 9 10 11 | 11.6

Action                   |  1- 3 |  4- 6 |  7- 9 | 10-12 || total
-------------------------+-------+-------+-------+-------++-------
Melee: Hand axe          |   108 |   159 |       |       ||   267
       War axe           |       |    50 |   361 |   692 ||  1103
Invok: Berserk           |     1 |     5 |     6 |     7 ||    19
       Trog's Hand       |       |       |     1 |     1 ||     2
       Brothers in Arms  |       |       |       |     2 ||     2
  Use: Scroll            |       |       |     1 |    27 ||    28
 Stab: Sleeping          |       |     2 |       |       ||     2
  Eat: Chunk             |     1 |     9 |    11 |    22 ||    43
       Ration            |       |     1 |     2 |     1 ||     4
Armor: Animal skin       |    52 |    51 |       |       ||   103
       Chain mail        |       |    40 |   348 |   473 ||   861
Dodge: Dodged            |   100 |   122 |   286 |   419 ||   927
